 Dungeon Crawl Stone Soup version 0.30-a0-1066-g63dfefce0d (webtiles) character file.

Game seed: 2611150586817022529

315 Smoke131 the Trooper (level 6, -9/66 HPs)
             Began as an Ogre Gladiator on Apr 12, 2023.
             Killed from afar by a steam dragon (21 damage)
             ... with a ball of steam
             ... on level 4 of the Dungeon.
             The game lasted 00:11:55 (3174 turns).

Smoke131 the Trooper (Ogre Gladiator)               Turns: 3174, Time: 00:11:55

Health: -9/66      AC:  4    Str: 21    XL:     6   Next: 44%
Magic:  6/6        EV: 10    Int:  9    God:
Gold:   33         SH:  0    Dex: 10    Spells: 5/5 levels left

rFire   . . .      SeeInvis .    a - +0 trident
rCold   . . .      Faith    .    (no shield)
rNeg    . . .      Spirit   .    b - +0 robe
rPois   .          Reflect  .    c - +1 hat
rElec   .          Rampage  .    (no cloak)
rCorr   .                        (gloves unavailable)
Will    .....                    (boots unavailable)
Stlth   +                        (no amulet)
HPRegen 0.31/turn                (no ring)
MPRegen 0.10/turn                (no ring)

@: no status effects
A: large, unfitting armour, tough skin 1
a: no special abilities


You were on level 4 of the Dungeon.
You visited 1 branch of the dungeon, and saw 4 of its levels.

You collected 173 gold pieces.
You spent 140 gold pieces at shops.

Inventory:

Hand Weapons
 a - a +0 trident (weapon)
Missiles
 d - 3 throwing nets
 p - 4 poisoned darts
 y - 4 boomerangs (quivered)
Armour
 b - a +0 robe (worn)
 c - a +1 hat (worn)
 A - +0 fire dragon scales
Jewellery
 z - an amulet of faith
Scrolls
 w - a scroll of magic mapping
 B - 2 scrolls of enchant armour
Potions
 f - a potion of lignification {unknown}
 g - a potion of resistance
 h - a potion of cancellation {unknown}
 k - 2 potions of mutation
 n - a potion of haste {unknown}
 o - 2 potions of degeneration {unknown}
 q - 2 potions of flight
 r - a potion of berserk rage {unknown}
 t - 2 potions of might {unknown}
 v - a potion of curing {unknown}


   Skills:
 + Level 5.3 Fighting
 + Level 4.6 Polearms
 + Level 4.0 Throwing
 - Level 3.0 Dodging


You had 5 spell levels left.
You didn't know any spells.
Your spell library contained the following spells:

 Spells                   Type           Power      Damage    Failure   Level
 Beastly Appendage        Tmut           0%         N/A       38%         1
 Lesser Beckoning         Tloc           0%         N/A       52%         2
 Wereblood                Tmut           0%         N/A       52%         2
 Gell's Gravitas          Tloc           0%         N/A       77%         3
 Spider Form              Tmut/Pois      0%         N/A       77%         3
 Teleport Other           Tloc           0%         N/A       77%         3


Dungeon Overview and Level Annotations

Branches:
Dungeon (4/15)             Temple (0/1) D:4

Altars:
Wu Jian
Xom

Shops:
D:3 *


Innate Abilities, Weirdness & Mutations

You are too large for most types of armour.
You have tough skin. (AC +1)


Message History

The steam dragon claws you but does no damage.
The steam dragon breathes steam at you. The ball of steam hits you!
The steam dragon bites you but does no damage.
The steam dragon barely misses you.
You puncture the steam dragon!
The steam dragon is heavily wounded.
The steam dragon bites you but does no damage.
The steam dragon closely misses you.
You barely miss the steam dragon.
The steam dragon is moderately wounded.
The steam dragon barely misses you. The steam dragon claws you.
You barely miss the steam dragon.
The steam dragon is moderately wounded.
The steam dragon breathes steam at you. The ball of steam hits you!
The steam dragon bites you but does no damage.
The steam dragon closely misses you.
You hit the steam dragon but do no damage.
You punch the steam dragon.
The steam dragon is heavily wounded.
The steam dragon bites you! The steam dragon claws you.
You barely miss the steam dragon.
The steam dragon is heavily wounded.
The steam dragon breathes steam at you. The ball of steam hits you!
The steam dragon attacks as you move away!
The steam dragon bites you but does no damage.
The steam dragon claws you but does no damage.
You hit the steam dragon.
The steam dragon is heavily wounded.
The steam dragon bites you! The steam dragon claws you.
* * * LOW HITPOINT WARNING * * *
The steam dragon bites you but does no damage.
The steam dragon claws you.
* * * LOW HITPOINT WARNING * * *
There is a stone staircase leading up here.
The steam dragon breathes steam at you. The ball of steam hits you!!
You die...

*,,,,,...#....................#.#
*,,*,###.#...#.#.#.#.............
,,,*,*...............##.##.#.....
*,,,,..........#.###+##.##.#.##.#
,,,,,#.#.#.....#.#.......#.#.##.*
*,,,,#.#$........#.......#.#,*#+*
,,,,,,,........#)#.......#,*,*,,,
*,,,,*.##......#.#........,,,*,,,
,,,,,*,#......§#@#....####,,,,,,,
*,,,**.#....§#§#D#§...###**,,,<,,
,,,,,,....................,,,,,,,
,,,,**....#..#.#.###.#####*,**,**
,,,,**...............#*****,**,,,
,,,,**....$......###.#*,,,,,,,,,,
*,,,**...##......# *.#*,**,,,,,,,
*,,,**..,*#..###.# *,**,***,,,,,,
*,,,,,.,,*#..* #.# *,**,* *,,,,**


You could see a steam dragon (catching breath).

Vanquished Creatures
  A water moccasin (D:3)
  A phantom (D:3)
  4 gnolls (D:4)
  3 adders
  5 dart slugs
  3 orcs (D:3)
  4 bats
  4 endoplasms
  3 giant cockroaches
  4 hobgoblins
  4 quokkas
  8 ball pythons
  3 frilled lizards
  9 goblins
  6 kobolds
  2 rats
64 creatures vanquished.

Notes
Turn   | Place    | Note
-------+----------+-------------------------------------------
     0 | D:1      | Smoke131 the Ogre Gladiator began the quest for the Orb.
     0 | D:1      | Reached XP level 1. HP: 22/22 MP: 1/1
   132 | D:1      | Reached XP level 2. HP: 24/29 MP: 2/2
   134 | D:1      | Reached skill level 3 in Fighting
   781 | D:1      | Reached XP level 3. HP: 32/37 MP: 3/3
  1243 | D:2      | Found an ornate altar of the Wu Jian Council.
  1395 | D:2      | Reached XP level 4. HP: 48/48 MP: 4/4
  1674 | D:3      | Found a shimmering altar of Xom.
  1735 | D:3      | Found Riudulaisch's General Store.
  1913 | D:3      | Noticed a water moccasin
  1921 | D:3      | Reached skill level 4 in Fighting
  1935 | D:3      | Killed a water moccasin
  1936 | D:3      | Reached XP level 5. HP: 48/55 MP: 5/5
  2440 | D:3      | Bought 3 boomerangs for 84 gold pieces
  2440 | D:3      | Bought a scroll of fear for 56 gold pieces
  2522 | D:4      | Noticed a phantom
  2607 | D:3      | Killed a phantom
  2608 | D:3      | Reached skill level 5 in Fighting
  2608 | D:3      | Reached XP level 6. HP: 55/66 MP: 6/6
  2740 | D:4      | Found a staircase to the Ecumenical Temple.
  2781 | D:4      | Noticed a steam dragon
  3174 | D:4      | Killed from afar by a steam dragon

Illustrated notes

Levels and vault maps discovered:
D:1:      amcnicky_arrival_feature_with_door, layout_basic,
          kennysheep_another_room, nrook_mini_backslash, minmay_small_reverse_x
D:2:      layout_rooms, basic_altar
D:3:      wander_river, layout_basic, mainiacjoe_overflow_concentric_impassable,
          serial_shops, nicolae_shop_behind_doors
D:4:      layout_basic, minmay_temple_entry_proselytizer,
          roderic_serpentine_path

Skill      XL: |  1  2  3  4  5  6 |
---------------+-------------------+-----
Fighting       | 3 4 5 |  5.3
Dodging        | 3 |  3.0
Polearms       | 4 |  4.6
Throwing       | 3 4 |  4.0

Action                     |  1- 3 |  4- 6 || total
---------------------------+-------+-------++-------
  Melee: Trident           |   112 |    93 ||   205
         Punch             |     1 |     3 ||     4
  Throw: Boomerang         |       |    45 ||    45
         Large rock        |       |     3 ||     3
    Use: Potion            |       |     4 ||     4
         Scroll            |       |    11 ||    11
   Stab: Sleeping          |     1 |       ||     1
         Distracted        |       |     1 ||     1
 Armour: Robe              |    29 |    43 ||    72
  Dodge: Dodged            |    50 |    87 ||   137

Table legend: (Time is in decaauts)
 A = Elapsed time spent in this place.
 B = Non-inter-level travel time spent in this place.
 C = Inter-level travel time spent in this place.
 D = Time resting spent in this place.
 E = Time spent auto-exploring this place.
 F = Levels seen in this place.
 G = Mean time per level.
                   A        B        C        D        E       F      G
               +--------+--------+--------+--------+--------+-----+--------+
         Total |   3211 |   3123 |     88 |    536 |   1839 |   4 |  802.8 |
       Dungeon |   3211 |   3123 |     88 |    536 |   1839 |   4 |  802.8 |
               +--------+--------+--------+--------+--------+-----+--------+

Top non-repeatable levels by time:
     D:3: 1064 daAuts
     D:1: 887 daAuts
     D:2: 789 daAuts
     D:4: 469 daAuts
